 Dungeon Crawl Stone Soup version 0.23.2-40-g277498a (webtiles) character file.

Game seed: 9530671475494735727

102 CrazyJ the Chiller (level 4, -7/25 HPs)
             Began as a Gargoyle Ice Elementalist on Sept 10, 2019.
             Killed by divine providence
             ... invoked by an orc priest
              (16 damage)
             ... on level 3 of the Dungeon.
             The game lasted 00:14:30 (2396 turns).

CrazyJ the Chiller (Gargoyle Ice Elementalist)      Turns: 2396, Time: 00:14:33

Health: -7/25      AC: 12    Str: 12    XL:     4   Next: 77%
Magic:  6/7        EV: 10    Int: 16    God:
Gold:   90         SH:  0    Dex: 10    Spells: 4/7 levels left

rFire    . . .     SeeInvis .   s - +0 whip
rCold    . . .     Gourm    .   (no shield)
rNeg     + . .     Faith    .   d - +0 ring mail
rPois    ∞         Spirit   .   (no helmet)
rElec    +         Reflect  .   (no cloak)
rCorr    .         Harm     .   (no gloves)
MR       .....                  e - +2 pair of boots
Stlth    +.........             (no amulet)
HPRegen  0.08/turn              (no ring)
MPRegen  0.10/turn              (no ring)

@: no status effects
A: negative energy resistance 1, electricity resistance, unbreathing,
petrification resistance, rot immunity, AC +3
a: no special abilities


You were on level 3 of the Dungeon.
You were not hungry.

You visited 1 branch of the dungeon, and saw 3 of its levels.

You collected 90 gold pieces.

Inventory:

Hand Weapons
 h - a +0 spear
 m - a +0 dagger
 p - a +0 club
 q - a +0 hand axe
 s - a +0 whip (weapon)
Missiles
 f - 78 stones (quivered)
 j - 22 arrows
 w - 5 poisoned needles
Armour
 a - a +0 robe
 d - a +0 ring mail (worn)
 e - a +2 pair of boots (worn)
 g - a +0 leather armour
 u - a +0 pair of boots
Scrolls
 o - 4 scrolls of identify
 v - a scroll of remove curse
Potions
 b - a potion of heal wounds {unknown}
 i - a potion of resistance {unknown}
 n - a potion of ambrosia {unknown}
 r - a potion of lignification {unknown}
Comestibles
 c - 7 rations
 l - 2 chunks of flesh


   Skills:
 + Level 1.2 Fighting
 * Level 1.6 Maces & Flails
 * Level 1.7 Armour
 + Level 2.1 Dodging
 - Level 2.2 Stealth
 + Level 2.3 Spellcasting
 - Level 1.1 Conjurations
 * Level 3.6 Ice Magic


You had 4 spell levels left.
You knew the following spells:

 Your Spells              Type           Power        Failure   Level  Hunger
a - Freeze                Ice            ##..         10%         1    #......
b - Throw Frost           Conj/Ice       #.....       26%         2    ###....

Your spell library contained the following spells:

 Spells                   Type           Power        Failure   Level  Hunger
 Ozocubu's Armour         Chrm/Ice       #.......     54%         3    ###....
 Throw Icicle             Conj/Ice       #.......     86%         4    #####..
 Summon Ice Beast         Ice/Summ       #.......     91%         4    #####..


Dungeon Overview and Level Annotations

Branches:
Dungeon (3/15)

Altars:

Annotations:
D:2 Sigmund


Innate Abilities, Weirdness & Mutations

You are resistant to torment.
Your stone body is resilient. (AC +3)
You are immune to poison.
You resist negative energy. (rN+)
You are resistant to electric shocks. (rElec)
You can survive without breathing.
You are immune to petrification.
You are immune to rotting.


Message History

You hit the orc.
The orc is severely wounded.
You closely miss the orc.
The orc is severely wounded.
The orc misses you. The orc hits you with a +0 flail.
Okay, then.
Okay, then.
Casting: Freeze (safe; 10% risk of failure)
Confirm with . or Enter, or press ? or * to list all spells.
Aiming: Freeze (safe; 10% risk of failure)
Press: ? - help, Shift-Dir - straight line, f - orc
Aim: an orc, wielding a +0 short sword (severely wounded)
You freeze the orc.
You kill the orc!
You feel a little less agile now. The orc hits you but does no damage.
The orc priest calls down the wrath of Beogh upon you.
Beogh smites you!
Ouch! That really hurt!
You die...

.........÷...............
........(................
.........................
.........................
....÷..................
...................####
...................#
.................o.#
................@oo#
##########)#.#####.####
#o#.oo.o.....#
#o########.#.# #.. ......
#.. ###..#.# #.. ..# #
#### ..# #.#


You could see 2 orc priests and an orc.

Vanquished Creatures
  4 adders
  A worm (D:3)
  A dart slug (D:1)
  3 leopard geckos
  4 orcs (D:3)
  5 bats
  2 giant cockroaches
  3 goblins
  4 hobgoblins
  3 jackals (D:2)
  7 kobolds
  4 quokkas (D:3)
  A ball python (D:3)
  3 frilled lizards
  5 rats
50 creatures vanquished.

Notes
Turn   | Place    | Note
-------+----------+-------------------------------------------
     0 | D:1      | CrazyJ the Gargoyle Ice Elementalist began the quest for
                  | the Orb.
     0 | D:1      | Reached XP level 1. HP: 10/10 MP: 3/3
   463 | D:1      | Reached XP level 2. HP: 9/16 MP: 5/5
   474 | D:1      | Learned a level 2 spell: Throw Frost
  1225 | D:2      | Reached skill level 1 in Armour
  1225 | D:2      | Reached XP level 3. HP: 20/20 MP: 3/6
  1296 | D:2      | Reached skill level 1 in Maces & Flails
  1598 | D:2      | Noticed Sigmund
  1641 | D:3      | Reached skill level 1 in Fighting
  1641 | D:3      | Reached XP level 4. HP: 18/25 MP: 7/7
  2396 | D:3      | Killed from afar by an orc priest

Skill      XL: |  1  2  3  4 |
---------------+-------------+-----
Armour         | 1 |  1.7
Maces & Flails | 1 |  1.6
Fighting       | 1 |  1.2
Dodging        | 2 |  2.1
Stealth        | |  2.2
Spellcasting   | |  2.3
Conjurations   | |  1.1
Ice Magic      | |  3.6

Action                   |  1- 3 |  4- 6 || total
-------------------------+-------+-------++-------
Melee: Club              |   170 |    32 ||   202
       Unarmed           |     5 |       ||     5
       Whip              |       |   105 ||   105
 Cast: Freeze            |     4 |     4 ||     8
       Throw Frost       |     1 |     1 ||     2
  Use: Scroll            |     5 |     1 ||     6
       Potion            |     2 |     4 ||     6
  Eat: Chunk             |     3 |     3 ||     6
Armor: Ring mail         |   154 |    95 ||   249
Dodge: Dodged            |   131 |   115 ||   246
